 Dungeon Sprint DCSS version 0.21.1-1-g345015f (webtiles) character file.

259 Fang the Cleaver (level 5, 0/52 HPs)
             Began as a Minotaur Berserker on May 24, 2018.
             Was a Follower of Trog.
             Slain by an ufetubus (3 damage)
             ... summoned by a neqoxec
             ... in the Dungeon (Sprint II: "The Violet Keep of Menkaure").
             The game lasted 00:00:18 (31 turns).

Fang the Cleaver (Minotaur Berserker)                 Turns: 31, Time: 00:00:18

Health: 0/52       AC:  2    Str: 22    XL:     5   Next: 94%
Magic:  4/4        EV: 13    Int:  2    God:    Trog [*.....]
Gold:   0          SH:  0    Dex: 10    Spells: 4/4 levels left

rFire    . . .     SeeInvis .   a - +0 hand axe
rCold    . . .     Gourm    .   (no shield)
rNeg     . . .     Faith    .   b - +0 animal skin
rPois    .         Spirit   .   (helmet restricted)
rElec    .         Reflect  .   (no cloak)
rCorr    .         Harm     .   (no gloves)
MR       +....     NoTele   +   (no boots)
Stlth    +.........             (no amulet)
HPRegen  0.17/turn              (no ring)
MPRegen  0.09/turn              (no ring)

@: berserk cooldown, slowed, very slow
A: retaliatory headbutt, horns 2, blurry vision 1, dopey 1, frail 1, magic
resistance 1
a: Berserk, Burn Spellbooks, Renounce Religion


You were in the Dungeon.
You worshipped Trog.
Trog was aware of your devotion.
You were not hungry.

You visited 1 branch

Inventory:

Hand Weapons
 a - a +0 hand axe (weapon)
Armour
 b - a +0 animal skin (worn)
Scrolls
 i - a scroll of blinking
Potions
 d - a potion of curing
 e - a potion of heal wounds
 f - a potion of haste
 g - 2 potions of magic
 h - a potion of berserk rage
Comestibles
 c - a ration


   Skills:
 + Level 9.8 Fighting
 + Level 10.1 Axes
 + Level 5.2 Armour
 + Level 4.7 Dodging


You had 4 spell levels left.
You didn't know any spells.

Dungeon Overview and Level Annotations

Branches:
Dungeon (1/1)

Altars:


Innate Abilities, Weirdness & Mutations

You reflexively headbutt those who attack you in melee.
You have a pair of horns on your head.
Scrolls take you a little longer to read.
You are dopey. (Int -2)
You are frail. (-10% HP)
You are resistant to hostile enchantments. (MR+)


Message History

You hit the ufetubus. You closely miss the ufetubus. The ufetubus hits you.
The ufetubus misses you. The ufetubus barely misses you.
The ufetubus hits you. x2
The ufetubus hits you but does no damage.
The ufetubus misses you. The ufetubus hits you.
* * * LOW HITPOINT WARNING * * *
The neqoxec misses you.
You barely miss the neqoxec.
The neqoxec is heavily wounded.
You closely miss the ufetubus. You hit the ufetubus.
The crimson imp disappears in a puff of smoke!
The ufetubus hits you.
* * * LOW HITPOINT WARNING * * *
The ufetubus hits you.
* * * LOW HITPOINT WARNING * * *
The ufetubus barely misses you. The ufetubus hits you.
* * * LOW HITPOINT WARNING * * *
The neqoxec hits you.
* * * LOW HITPOINT WARNING * * *
The ufetubus misses you. The ufetubus hits you.
You die...

#+#
###.##
#3@5.+
#5##5##
#. #+#
#


You could see a neqoxec, an iron imp and 2 ufetubi.

Vanquished Creatures
  2 neqoxecs (D)
2 creatures vanquished.

Notes
Turn   | Place    | Note
-------+----------+-------------------------------------------
     0 | D        | Fang the Minotaur Berserker began the quest for the Orb.
     0 | D        | Reached XP level 1. HP: 19/19 MP: 0/0
     1 | D        | Noticed a neqoxec
     2 | D        | Noticed a neqoxec
     5 | D        | Noticed a neqoxec
     6 | D        | Noticed a crimson imp
     9 | D        | Gained mutation: Scrolls take you a little longer to read. [a neqoxec]
    10 | D        | Killed a neqoxec
    10 | D        | Reached skill level 8 in Axes
    10 | D        | Reached XP level 2. HP: 35/35 MP: 1/1
    10 | D        | Reached XP level 3. HP: 40/40 MP: 2/2
    10 | D        | Reached XP level 4. HP: 48/48 MP: 3/3
    11 | D        | Gained mutation: You are dopey. (Int -2) [a neqoxec]
    13 | D        | Killed a neqoxec
    13 | D        | Reached skill level 10 in Axes
    13 | D        | Reached skill level 5 in Armour
    13 | D        | Reached XP level 5. HP: 58/58 MP: 4/4
    21 | D        | Noticed a neqoxec
    22 | D        | Gained mutation: You are frail. (-10% HP) [a neqoxec]
    25 | D        | Gained mutation: You are resistant to hostile enchantments. (MR+) [a neqoxec]
    31 | D        | Slain by an ufetubus

Skill      XL: |  1  2  3  4 |
---------------+-------------+-----
Fighting       | 8 9 |  9.8
Axes           | 8 10 | 10.1
Armour         | 4 5 |  5.2
Dodging        | 3 4 |  4.7

Action                   |  1- 3 |  4- 6 || total
-------------------------+-------+-------++-------
Melee: Hand axe          |     4 |    13 ||    17
       Headbutt          |       |     2 ||     2
Invok: Berserk           |     1 |       ||     1
Armor: Animal skin       |       |     2 ||     2
Dodge: Dodged            |     2 |    13 ||    15
